[Event "*** Titled Tuesday Blitz"]
[Site "Chess.com"]
[Date "2021.04.06"]
[Round "8"]
[White "Jumbo"]
[Black "scandalgod"]
[Result "1-0"]
[WhiteElo "2835"]
[BlackElo "2568"]
[TimeControl "180+1"]
[EndTime "11:31:05 PDT"]
[Termination "Jumbo won on time"]

1. d4 d5 2. c4 c6 3. Nf3 Nf6 4. Qb3 dxc4 5. Qxc4 Bg4 6. Nbd2 Nbd7 7. Qb3 Qb6 8. Nc4 Qc7 9. g3 g6 10.
Bf4 Qc8 11. Ng5 Nd5 12. h3 Bf5 13. e4 Nxf4 14. gxf4 Be6 15. Nxe6 fxe6 16. h4 Bg7 17. Ne5 Nxe5 18. fxe5 Qc7 19. Bc4 O-O-O 20. Bxe6+ Kb8 21. O-O-O c5 22. Kb1 cxd4 23. f4 Rhf8 24. Rhf1 Bh6 25. Qg3 a6 26. Bd5 Qb6 27. h5 Ka7 28. e6 gxh5 29.
f5 Be3 30. Qg7 Qd6 31. Rd3 Rg8 32. Qxh7 Rc8 33. Rb3 Rc7 34. a3 Rgc8 35. Ka2 d3 36. Rxd3 Qc5 37. Rb3 Bd4 38. Qxh5 Qd6 39. Qd1 Bf6 40. Qd3 Qe5 41. Rb1 b6 42. a4 Qd4 43.
Qxd4 Bxd4 44. Rd3 Be5 45. Kb3 Rd8 46. Rbd1 Rc5 47. R1d2 Rd6 48. Rc2 Kb8 49. Rxc5 bxc5 50. Kc4 Bd4 51. b4 Bf6 52. bxc5 Rd8 53. Rb3+ Kc8 54. Rb6 Be5 55. Rxa6 Rh8 56. Ra8+ Bb8 57. Kb5 Rh5 58. Bc6 Rh2 59. Bd5 Kc7 60. Ra6 Rb2+ 61. Kc4 Rc2+ 62. Kb4 Rb2+ 63. Kc3 Re2 64. Rb6 Re1 65. a5 Kc8 66. a6 Rc1+ 67. Kd4 Ba7 68.
Rc6+ Kd8 69. e5 Rd1+ 70. Ke4 Re1+ 71. Kf4 Bb8 72. Kf3 Bxe5 73. a7 Ra1 74. Rb6 1-0

[Event "*** Titled Tuesday Blitz"]
[Site "Chess.com"]
[Date "2021.04.06"]
[Round "8"]
[White "IANOV0007"]
[Black "EfrenRamos1"]
[Result "1/2-1/2"]
[WhiteElo "2463"]
[BlackElo "2315"]
[TimeControl "180+1"]
[EndTime "11:31:12 PDT"]
[Termination "Game drawn by repetition"]

1. Nf3 Nf6 2. g3 g6 3. b3 Bg7 4. Bb2 O-O 5. Bg2 c6 6. c4 d5 7. O-O e6 8. d3 Nbd7 9. Nbd2 b6 10. Qc2 Bb7 11. e4 dxe4 12. dxe4 Nc5 13. e5 Nh5 14.
Ne4 Qd3 15. Qxd3 Nxd3 16. Bc3 c5 17. Nf6+ Kh8 18. Nxh5 gxh5 19. Rad1 Rad8 20. Ng5 Bxg2 21. Kxg2 h6 22. Nf3 Rd7 23. Rd2 Nxe5 24. Nxe5 Rxd2 25.
Nxf7+ Rxf7 26. Bxd2 Rd7 27. Be3 Kh7 28. Kf3 Kg6 29.
Ke4 Bf6 30. h4 Bg7 31. Rb1 a5 32. a3 Bf8 33. b4 cxb4 34. axb4 Bxb4 35. Bxb6 Kf6 36. c5 Rd2 37. c6 Rc2 38. c7 Bd6 39.
Bxa5 Bxc7 40. Bxc7 Rxc7 41. Rb5 Rc2 42. Ke3 Kg6 43.
Re5 Rc6 44. Kd4 Ra6 45. Rb5 Rc6 46. Ke4 Ra6 47. Kf4 Rc6 48. Rb4 Ra6 49. f3 Rc6 50. Rd4 Rc5 51. Rd6 Kf6 52. Rd8 Rc4+ 53. Ke3 Rc3+ 54. Rd3 Rc4 55. Ra3 Rc5 56. Rb3 Re5+ 57. Kf2 Rc5 58. Re3 Rd5 59. Re4 Rb5 60. Ke3 Rc5 61.
Rb4 Ra5 62. Rb8 Re5+ 63. Kf4 Rf5+ 64. Ke4 Re5+ 65. Kd3 Rd5+ 66. Ke3 Re5+ 67. Kf2 Ra5 68. Rf8+ Kg7 69. Rd8 Kf6 70. Ke3 Ra3+ 71. Rd3 Ra5 72. f4 Rb5 73. Kf3 Ra5 74. Rc3 Rb5 75. Rc4 Ra5 76. Ke4 Rb5 77. Rc8 Rb4+ 78. Kf3 Rb3+ 79. Kg2 Rb2+ 80. Kh3 Rb5 81. Rf8+ Kg7 82. Re8 Kf6 83.
Rc8 Ra5 84. Rc2 Rb5 85. Kg2 Rd5 86. Rc3 Ra5 87. Kf3 Rb5 88. Rd3 Rc5 89. Ke4 Ra5 90. Re3 Ra4+ 91. Kf3 Ra5 92. Rb3 Rc5 93. Rb8 Rd5 94. Rf8+ Kg7 95. Re8 Kf6 96. Rh8 Kg7 97. Re8 Kf6 98. Rh8 Kg7 99. Re8 1/2-1/2

[Event "*** Titled Tuesday Blitz"]
[Site "Chess.com"]
[Date "2021.04.06"]
[Round "8"]
[White "Keks2017"]
[Black "azikom"]
[Result "1-0"]
[WhiteElo "2569"]
[BlackElo "2690"]
[TimeControl "180+1"]
[EndTime "11:31:19 PDT"]
[Termination "Keks2017 won by resignation"]

1. e4 e5 2. Nf3 Nc6 3. Bb5 a6 4. Ba4 Nge7 5. O-O d6 6. Re1 Bd7 7. c3 Ng6 8. d4 Be7 9. Nbd2 O-O 10. Nf1 Re8 11. Ng3 h6 12. h3 Bf8 13. d5 Nb8 14. Bc2 a5 15. Bd2 Nh4 16. Nxh4 Qxh4 17. Qf3 Qd8 18. Nf5 Na6 19. g4 Nc5 20. Kh2 Kh7 21. Rg1 g6 22. Qg3 c6 23. Raf1 cxd5 24. exd5 b5 25.
h4 Ra6 26. h5 e4 27. hxg6+ fxg6 28. Nd4 Bg7 29. f4 b4 30. f5 g5 31. Qh3 Be5+ 32. Kh1 Qf6 33. Ne6 Kg8 34. Rf2 bxc3 35. bxc3 Rb6 36. Be3 Rb2 37. Bxc5 dxc5 38. Nxc5 Bc8 39. Nxe4 Qd8 40. f6 Rxc2 41. Qxh6 Qd7 42. f7+ Qxf7 43. Rxf7 Rh2+ 44. Qxh2 Bxh2 45. Kxh2 Kxf7 46. Nd6+ Ke7 47.
Nxe8 Kxe8 48. Kg3 Kd7 49. Re1 Kd6 50. Rd1 Ba6 51. Rd4 Bb5 52. Kf2 Kc5 53. Ke3 Bd7 54.
c4 a4 55. Kd3 a3 56. Kc3 Bc8 57. Re4 Bd7 58. Re5 Bxg4 59. Rxg5 Be2 60. Re5 Bf1 61.
d6+ Kxd6 62. Ra5 Kc6 63. Rxa3 Kc5 64. Ra5+ Kb6 65. Rg5 Be2 66. Kb4 Bf1 67. Rg6+ Kc7 68. a4 Be2 69. a5 Bd3 70. Rg7+ Kc6 71. a6 Be4 72. Rg4 Bf3 73. Rf4 Bg2 74. Rf6+ Kc7 75. Kc5 Be4 76. Rf7+ Kc8 77. Rg7 Bf3 78. Kb6 Bh1 79.
c5 1-0

[Event "*** Titled Tuesday Blitz"]
[Site "Chess.com"]
[Date "2021.04.06"]
[Round "8"]
[White "ama18"]
[Black "Kildepiotr"]
[Result "1-0"]
[WhiteElo "2523"]
[BlackElo "2645"]
[TimeControl "180+1"]
[EndTime "11:31:46 PDT"]
[Termination "ama18 won by resignation"]

1. e4 g6 2. d4 Bg7 3. Nc3 c6 4. f4 d5 5. e5 Nh6 6. Nf3 Bg4 7. h3 Bxf3 8. Qxf3 Nf5 9. Qf2 h5 10. Be3 h4 11. Bd3 e6 12. O-O-O Bf8 13. Bxf5 gxf5 14. Ne2 Nd7 15. Ng1 b5 16. Nf3 Be7 17. g3 hxg3 18. Qxg3 Bf8 19. h4 Qa5 20. Kb1 O-O-O 21. Ng5 Be7 22.
Nxf7 Rdg8 23. Ng5 Nb6 24. Qe1 Qxe1 25. Rdxe1 Kd7 26. Reg1 Rh5 27. Nf3 Rgh8 28. Rg7 Ke8 29. Bf2 Kf8 30. Rhg1 Nc4 31. b3 Na3+ 32. Kb2 b4 33. c3 bxc3+ 34. Kxc3 Nb5+ 35. Kb2 Nc7 36. R7g6 Kf7 37. Rg7+ Kf8 38. R7g2 Ke8 39. Rg8+ Kd7 40. Rxh8 Rxh8 41. Rg6 Ke8 42. Ng5 Kd7 43. Rg7 Ne8 44. Rg6 Nc7 45. Be1 c5 46. dxc5 Bxc5 47. Rg7+ Kc6 48.
Ba5 Bb6 49. Bxb6 axb6 50. Nf3 b5 51. a3 Kb6 52. b4 Kc6 53. Nd4+ Kb6 54. Nf3 Kc6 55.
Rg5 Kb6 56. h5 Kc6 57. Nh4 Na8 58. Ng6 Rh6 59. Ne7+ Kd7 60. Ng8 Rh8 61. h6 Nb6 62. h7 Ke8 63. Nf6+ Kf7 64. Kc3 Nc4 65. Kd4 Nd2 66. Rg3 Ne4 67. Nxe4 fxe4 68. Kc5 Rxh7 69.
Kxb5 Rh4 70. Kc5 Rxf4 71. Kd4 Rf3 72. Rxf3+ exf3 73. Ke3 Ke7 74. Kxf3 Kd7 75. Ke3 Kc6 76. a4 Kb6 77. Kd4 Kc6 78. Kd3 Kb6 79. b5 Kc5 80.
Kc3 Kb6 81. Kb4 Kc7 82. Kc5 Kb7 83. a5 Ka7 84. Kd4 Kb7 85. Kc5 Ka7 86. a6 Ka8 87. b6 Kb8 88. Kd4 Kc8 89. Kc5 Kb8 90. Kc6 d4 91.
a7+ Ka8 92. Kc7 d3 93. b7+ Kxa7 94. b8=Q+ 1-0

[Event "*** Titled Tuesday Blitz"]
[Site "Chess.com"]
[Date "2021.04.06"]
[Round "8"]
[White "enriquetejedor"]
[Black "MalyDominator"]
[Result "1-0"]
[WhiteElo "2602"]
[BlackElo "2489"]
[TimeControl "180+1"]
[EndTime "11:32:11 PDT"]
[Termination "enriquetejedor won by resignation"]

1. e4 c5 2. Nc3 Nc6 3. g3 g6 4. Bg2 Bg7 5. d3 e6 6. Be3 Nd4 7. Qd2 Ne7 8. Nd1 O-O 9. c3 Ndc6 10. Bxc5 d6 11. Be3 d5 12. exd5 Nxd5 13. Ne2 Nxe3 14.
Nxe3 Ne5 15. d4 Nc6 16. O-O Qc7 17. a4 b6 18. d5 exd5 19. Nxd5 Qd6 20. Rfd1 Bb7 21.
Nb4 Qf6 22. Qd6 Nxb4 23. Qxf6 Bxf6 24. Bxb7 Rab8 25. Bf3 Na6 26. Rd7 Nc5 27. Rxa7 Rfd8 28. Nf4 Rd2 29. Bd5 Rf8 30. Rb1 Be5 31. Bc4 Bb8 32.
Re7 Nxa4 33. Rbe1 Nxb2 34. Bb3 Bxf4 35. gxf4 Nd3 36. Rd1 Rxd1+ 37. Bxd1 Nxf4 38. Bb3 Kg7 39. Rb7 Ne2+ 40. Kf1 Nxc3 41. Rxb6 Ne4 42. Bc2 Nc5 43. Rc6 Ne6 44. Ra6 Nd4 45. Bd3 Rb8 46. Bc4 Rb4 47. Bd5 Rb5 48. Bc4 Rc5 49. Ra4 Nf5 50. Kg2 Re5 51. Bd3 Nd6 52. Bc2 Re7 53. Bd1 Nf5 54.
Bf3 Nh4+ 55. Rxh4 f5 56. Rd4 Kf6 57. Rd6+ Kg7 58. Rd1 g5 59. Rb1 Kf6 60. Rb6+ Ke5 61. h3 Rg7 62. Rb5+ Kf4 63. Rb4+ Ke5 64. Rb5+ Kf4 65.
Ra5 g4 66. Ra4+ Ke5 67. hxg4 h5 68. Ra5+ Ke6 69. Rxf5 hxg4 70. Be4 Kd6 71. Rd5+ Ke6 72. Rd1 Ke5 73. Bc2 Kf4 74. Rd4+ Ke5 75. Re4+ Kf6 76.
Bd1 Rg6 77. Rxg4 Rh6 78. Rf4+ Kg5 79. Rf3 Kg4 80. Rg3+ Kf4 81. Rf3+ Ke5 82. Re3+ Kf4 83. Kf1 Rh1+ 84. Ke2 Rh2 85. Bc2 Rg2 86. Rf3+ Kg4 87. Bf5+ Kg5 88. Bh3 Rh2 89. Rg3+ Kf4 90. Bd7 Ke4 91. Rg4+ Ke5 92. Ke3 Rh7 93. Re4+ Kd5 94. Ba4 Rh3+ 95. f3 Rh1 96. Bb3+ Kd6 97. Rd4+ Ke5 98.
Rd5+ Kf6 99. Rd6+ Ke5 100. Re6+ Kf5 101. Re4 Re1+ 102. Kd4 Ra1 103. Bc2 Ra3 104. Re3+ 1-0

[Event "*** Titled Tuesday Blitz"]
[Site "Chess.com"]
[Date "2021.04.06"]
[Round "8"]
[White "Sam_ChessMood"]
[Black "GoltsevDmitry2000"]
[Result "1-0"]
[WhiteElo "2890"]
[BlackElo "2751"]
[TimeControl "180+1"]
[EndTime "11:32:31 PDT"]
[Termination "Sam_ChessMood won by resignation"]

1. d4 Nf6 2. c4 e6 3. Nf3 Bb4+ 4.
Nbd2 Qe7 5. g3 b6 6. Bg2 Bb7 7.
O-O O-O 8. Nb3 d5 9. c5 bxc5 10. a3 c4 11. axb4 cxb3 12. Qxb3 c6 13. Bg5 Nbd7 14.
Ne5 h6 15. Nxd7 Qxd7 16. Bxf6 gxf6 17. Ra5 a6 18. Rfa1 e5 19. e3 e4 20. Bf1 Rfb8 21.
Qd1 Bc8 22. R1a4 Kg7 23. Qh5 Rb6 24. Qd1 Qd6 25. Qd2 Rab8 26. Rc5 a5 27. bxa5 Rxb2 28. Qe1 Rb1 29. Rc1 R1b2 30. a6 Ra8 31. a7 Rb7 32.
Rca1 Qc7 33. Qa5 Qxa5 34. Rxa5 Rc7 35. Be2 Kf8 36. Kf1 Ke7 37. Ke1 Kd6 38. Kd2 Rb7 39.
Kc3 Kc7 40. Bh5 Be6 41. Bd1 Bd7 42. Bc2 Rb6 43. R5a3 Kb7 44. Bd1 Bf5 45. f3 Be6 46.
fxe4 dxe4 47. Bc2 f5 48. Ra4 Bd5 49. Rb4 Rxa7 50. Rxb6+ Kxb6 51. Rxa7 Kxa7 52. Kb4 Kb6 53. Bd1 Be6 54. Be2 Bd7 55. Bf1 Bc8 56. Be2 Be6 57.
Bh5 Bd5 58. Be2 Be6 59. Bd1 Bc8 60. Bb3 Be6 61. Bc4 Kc7 62. Ba6 Kd6 63. Be2 Bd7 64.
Kc3 Be6 65. Bf1 c5 66. Be2 Bc8 67. Bc4 Be6 68. Be2 Bd5 69. Bf1 cxd4+ 70. Kxd4 Ke6 71. Be2 Bb7 72. Bc4+ Kf6 73. Be2 Bc8 74. Bd1 Be6 75. Be2 Bb3 76. Bf1 Be6 77. Be2 Bc8 78. Bd1 Ba6 79. Bh5 Bf1 80. Bd1 Bg2 81. Be2 Bf3 82. Bf1 h5 83. h4 Ke6 84. Bc4+ Kf6 85. Bf1 Bd1 86. Bc4 Bg4 87. Bf1 Bf3 88. Bc4 Bg4 89.
Bf1 Bd1 90. Bc4 Bc2 91. Be2 Kg6 92. Ke5 f6+ 93. Ke6 Bd3 94. Bd1 Bf1 95. Ke7 Bc4 96. Bc2 Bd5 97. Ba4 Kg7 98. Be8 Bg8 99. Bxh5 Bh7 100.
Be2 Bg6 101. Bc4 Bh7 102. Bf7 Bg6 103. Bxg6 Kxg6 104. Ke6 Kh5 105. Kxf5 Kh6 106. Kxf6 Kh5 107. Kf5 1-0

[Event "*** Titled Tuesday Blitz"]
[Site "Chess.com"]
[Date "2021.04.06"]
[Round "9"]
[White "vrekhson"]
[Black "Diaschess88"]
[Result "0-1"]
[WhiteElo "2225"]
[BlackElo "2405"]
[TimeControl "180+1"]
[EndTime "11:39:30 PDT"]
[Termination "Diaschess88 won by resignation"]

1. e4 c6 2. d4 d5 3. Nc3 dxe4 4. Nxe4 Nf6 5. Nxf6+ exf6 6. Ne2 Bd6 7. Ng3 h5 8.
Bd3 h4 9. Nf5 Bxf5 10. Bxf5 Qa5+ 0-1

[Event "*** Titled Tuesday Blitz"]
[Site "Chess.com"]
[Date "2021.04.06"]
[Round "9"]
[White "ajedrez1101"]
[Black "Rodchenkov_Vitalij"]
[Result "1-0"]
[WhiteElo "2122"]
[BlackElo "2126"]
[TimeControl "180+1"]
[EndTime "11:40:23 PDT"]
[Termination "ajedrez1101 won by resignation"]

1. d4 Nf6 2. Bf4 e6 3. e3 d5 4. Nf3 Bd6 5. Bg3 c5 6. Nbd2 O-O 7. c3 Qc7 8. Bd3 Nbd7 9. Bxd6 Qxd6 10. Qe2 b6 11. e4 Nxe4 12. Nxe4 dxe4 13. Qxe4 Nf6 14. Qxa8 1-0

[Event "*** Titled Tuesday Blitz"]
[Site "Chess.com"]
[Date "2021.04.06"]
[Round "9"]
[White "MerryPoppies"]
[Black "KroshkaKami"]
[Result "0-1"]
[WhiteElo "2147"]
[BlackElo "2344"]
[TimeControl "180+1"]
[EndTime "11:40:42 PDT"]
[Termination "KroshkaKami won by resignation"]

1. d4 f5 2. c4 Nf6 3. Nc3 e6 4. Bg5 Bb4 5. Qc2 h6 6. Bxf6 Qxf6 7.
Nf3 b6 8. a3 Bxc3+ 9. Qxc3 Bb7 10. g3 Nc6 11. Bg2 Nxd4 12. O-O-O Nxe2+ 0-1

[Event "*** Titled Tuesday Blitz"]
[Site "Chess.com"]
[Date "2021.04.06"]
[Round "9"]
[White "Chessdude1987"]
[Black "Lion-Al-Messi"]
[Result "0-1"]
[WhiteElo "2321"]
[BlackElo "2498"]
[TimeControl "180+1"]
[EndTime "11:40:44 PDT"]
[Termination "Lion-Al-Messi won by resignation"]

1. e4 e6 2. d4 d5 3. exd5 exd5 4. c4 Nf6 5. Nc3 Be7 6. Nf3 O-O 7. cxd5 Nxd5 8. Bd3 Nc6 9. O-O Bg4 10. Be4 Nf6 11. Bxc6 bxc6 12. Be3 Bd6 13. h3 Bh5 14.
g4 Nxg4 15. hxg4 Bxg4 16. Ne4 Qd7 17. Ng3 Rfe8 18. Re1 Bxg3 19. fxg3 Qd5 20. Ne5 Bxd1 0-1

[Event "*** Titled Tuesday Blitz"]
[Site "Chess.com"]
[Date "2021.04.06"]
[Round "9"]
[White "shreyansshah123"]
[Black "DKmirl"]
[Result "0-1"]
[WhiteElo "1634"]
[BlackElo "1943"]
[TimeControl "180+1"]
[EndTime "11:40:49 PDT"]
[Termination "DKmirl won by resignation"]

1. e4 c5 2. Nf3 Nc6 3. d4 cxd4 4. Nxd4 g6 5. Be3 Bg7 6. c4 Nf6 7. Nc3 O-O 8. Bd3 Ne5 9. f4 Nxd3+ 10. Qxd3 d6 11. O-O e5 12. Nf3 Ng4 13. fxe5 Nxe5 14. Nxe5 dxe5 15. Rad1 Bg4 16. Ne2 Qxd3 17. Rxd3 Bxe2 0-1

[Event "*** Titled Tuesday Blitz"]
[Site "Chess.com"]
[Date "2021.04.06"]
[Round "9"]
[White "fastestmindalive"]
[Black "hypert"]
[Result "1-0"]
[WhiteElo "2775"]
[BlackElo "2567"]
[TimeControl "180+1"]
[EndTime "11:40:53 PDT"]
[Termination "fastestmindalive won by resignation"]

1. e4 c5 2. Nc3 Nc6 3. f4 e6 4.
Nf3 d5 5. Bb5 Nf6 6. e5 Nd7 7.
Bxc6 bxc6 8. d3 c4 9. d4 c5 10. O-O Qb6 11. Rb1 cxd4 12. Nxd4 Nc5 13. Be3 g6 14. b4 Ne4 15. Nxe4 dxe4 16. c3 Bb7 17. Qa4+ Kd8 18. Rfd1 Bd5 19. Nc6+ 1-0

[Event "*** Titled Tuesday Blitz"]
[Site "Chess.com"]
[Date "2021.04.06"]
[Round "9"]
[White "Nils_03"]
[Black "Aradhya2000"]
[Result "0-1"]
[WhiteElo "2402"]
[BlackElo "2609"]
[TimeControl "180+1"]
[EndTime "11:41:00 PDT"]
[Termination "Aradhya2000 won by resignation"]

1. d4 d5 2. c4 c6 3. Nf3 Nf6 4. e3 Bf5 5. Nc3 e6 6. Nh4 h5 7. Nxf5 exf5 8. Bd3 g6 9. Qb3 Qd7 10.
Bd2 Be7 11. Rc1 O-O 12. O-O Re8 13. cxd5 cxd5 14. Na4 Nc6 15. Nc5 Bxc5 16. Rxc5 Rac8 17. Rfc1 Rc7 18. Ba5 Nxa5 19. Rxc7 Nxb3 20. Rc8 0-1

[Event "*** Titled Tuesday Blitz"]
[Site "Chess.com"]
[Date "2021.04.06"]
[Round "9"]
[White "tusplingher"]
[Black "onnoelgersma"]
[Result "0-1"]
[WhiteElo "2315"]
[BlackElo "2425"]
[TimeControl "180+1"]
[EndTime "11:41:30 PDT"]
[Termination "onnoelgersma won by resignation"]

1. e4 c5 2. d4 cxd4 3. c3 e6 4. cxd4 d5 5. exd5 exd5 6. Nf3 Nc6 7. Bb5 Bg4 8. O-O Bd6 9. Qa4 Bxf3 10. Bxc6+ bxc6 11. Qxc6+ Kf8 12. gxf3 Rc8 13. Qa6 Rxc1 14. Rxc1 Qg5+ 15.
Kf1 Qxc1+ 16. Ke2 Qc4+ 0-1

[Event "*** Titled Tuesday Blitz"]
[Site "Chess.com"]
[Date "2021.04.06"]
[Round "9"]
[White "Yaryi_sergey"]
[Black "schondeln"]
[Result "1/2-1/2"]
[WhiteElo "2508"]
[BlackElo "2388"]
[TimeControl "180+1"]
[EndTime "11:41:48 PDT"]
[Termination "Game drawn by agreement"]

1. d4 d5 2. Nf3 Nf6 3. g3 c6 4.
Bg2 Bg4 5. O-O Nbd7 6. Ne5 Bf5 7.
c4 e6 8. Qb3 Qb6 9. Nxd7 Nxd7 10. c5 Qxb3 11. axb3 e5 12. e3 Bxb1 13. Rxb1 g6 14. Bd2 Bg7 15. Bc3 O-O 16. b4 a6 17.
Rfe1 f5 18. f4 e4 19. h3 h5 20. h4 1/2-1/2

[Event "*** Titled Tuesday Blitz"]
[Site "Chess.com"]
[Date "2021.04.06"]
[Round "9"]
[White "TosicSrecko"]
[Black "Horizonevent"]
[Result "0-1"]
[WhiteElo "2325"]
[BlackElo "2498"]
[TimeControl "180+1"]
[EndTime "11:41:52 PDT"]
[Termination "Horizonevent won by resignation"]

1. d4 Nf6 2. Bg5 Ne4 3. Bf4 d5 4. e3 c5 5. Bd3 Nf6 6. Nd2 Nc6 7. c3 e6 8. Ngf3 b6 9. O-O Be7 10. Ne5 Nxe5 11. dxe5 Nd7 12. Qg4 g5 13. Bg3 h5 0-1

[Event "*** Titled Tuesday Blitz"]
[Site "Chess.com"]
[Date "2021.04.06"]
[Round "9"]
[White "JQuiroga18"]
[Black "MarkoPe"]
[Result "0-1"]
[WhiteElo "2402"]
[BlackElo "2287"]
[TimeControl "180+1"]
[EndTime "11:41:55 PDT"]
[Termination "MarkoPe won by resignation"]

1. e4 c5 2. Nf3 d6 3. d4 cxd4 4. Nxd4 Nf6 5. Nc3 Bd7 6. g3 g6 7. Bg2 Bg7 8. O-O Nc6 9. Nxc6 Bxc6 10. Re1 O-O 11. Bg5 Rc8 12. Qd2 Qb6 13. Rab1 Rfd8 14. Nd5 Bxd5 15. exd5 Rc7 16. b3 Qa6 17. c4 b5 18. Bf1 bxc4 19. Bxc4 Qb7 20. Re2 Rxc4 21. Rbe1 Rc7 22. Rd1 Rdc8 0-1

[Event "*** Titled Tuesday Blitz"]
[Site "Chess.com"]
[Date "2021.04.06"]
[Round "9"]
[White "kinga2008"]
[Black "Sueetin"]
[Result "0-1"]
[WhiteElo "2263"]
[BlackElo "2392"]
[TimeControl "180+1"]
[EndTime "11:41:59 PDT"]
[Termination "Sueetin won by resignation"]

1. e4 e6 2. d4 d5 3. Nc3 Nf6 4. exd5 exd5 5. Nf3 Bd6 6. Bd3 O-O 7. Be3 c6 8. O-O Bg4 9. h3 Bh5 10. Be2 Nbd7 11. Nh4 Bg6 12. Nxg6 hxg6 13. Bd3 Qc7 14. Ne2 Rfe8 15. Qd2 Ne4 16. Bxe4 Rxe4 17. c3 Rae8 18. Rae1 Nb6 19. b3 Nd7 20. Bf4 Bxf4 21. Nxf4 Rxe1 22.
Rxe1 Rxe1+ 23. Qxe1 Qxf4 24. Qe7 Qc7 25. c4 Qc8 26. c5 Nf8 0-1

[Event "*** Titled Tuesday Blitz"]
[Site "Chess.com"]
[Date "2021.04.06"]
[Round "9"]
[White "McCarthyStone"]
[Black "FMalexhdez"]
[Result "1-0"]
[WhiteElo "2398"]
[BlackElo "2198"]
[TimeControl "180+1"]
[EndTime "11:42:04 PDT"]
[Termination "McCarthyStone won by resignation"]

1. g3 c5 2. Bg2 Nf6 3. Nf3 g6 4. c4 Bg7 5. O-O Nc6 6. Nc3 O-O 7. d3 Rb8 8. Bd2 a6 9. a4 b6 10. Qc1 d6 11. Bh6 Nb4 12. Rd1 Bb7 13. Bxg7 Kxg7 14. Qd2 d5 15. cxd5 Nbxd5 16. e4 Nb4 17. e5 Ne8 18. d4 Bxf3 19. Bxf3 cxd4 20. Ne2 d3 21. Qxb4 Rc8 22. Qd4 dxe2 23. Qxd8 Rxd8 24. Rxd8 1-0

[Event "*** Titled Tuesday Blitz"]
[Site "Chess.com"]
[Date "2021.04.06"]
[Round "9"]
[White "Trickster_Pony"]
[Black "ARMQUEEN"]
[Result "0-1"]
[WhiteElo "1575"]
[BlackElo "2305"]
[TimeControl "180+1"]
[EndTime "11:42:06 PDT"]
[Termination "ARMQUEEN won by checkmate"]

1. c4 c5 2. g3 g6 3. Bg2 Bg7 4. Nc3 Nc6 5. Nf3 Nf6 6. O-O O-O 7. d3 d5 8. cxd5 Nxd5 9. Bd2 Nc7 10. Rc1 b6 11. Ne5 Nxe5 12. Bxa8 Nxa8 13. Bf4 Bb7 14. Ne4 Qd5 15. f3 Nc7 16. b4 Ne6 17. Bxe5 Bxe5 18. bxc5 Bd4+ 19. Kh1 bxc5 20. Qa4 a6 21. Rfe1 Be3 22.
Rb1 f5 23. Nc3 Qxf3+ 24. exf3 Bxf3# 0-1

[Event "*** Titled Tuesday Blitz"]
[Site "Chess.com"]
[Date "2021.04.06"]
[Round "9"]
[White "secretsuperstar7"]
[Black "Shankovskyi"]
[Result "1-0"]
[WhiteElo "2200"]
[BlackElo "2421"]
[TimeControl "180+1"]
[EndTime "11:42:12 PDT"]
[Termination "secretsuperstar7 won by resignation"]

1. d4 e6 2. c4 d5 3. Nc3 Nf6 4. cxd5 exd5 5. Bg5 Bb4 6. e3 Nc6 7. Bd3 O-O 8. Ne2 h6 9. Bh4 Re8 10. O-O Be6 11. a3 Bd6 12. h3 Nb8 13. Nb5 c6 14.
Nxd6 Qxd6 15. Bxf6 gxf6 16. Ng3 Nd7 17. Qh5 Qf8 18. f4 Qg7 19. Rf3 Nf8 20. Kh2 Ng6 21.
f5 Nf4 22. Rxf4 Bd7 23. Rg4 Rxe3 24. Rxg7+ Kxg7 25. Qg4+ 1-0

[Event "*** Titled Tuesday Blitz"]
[Site "Chess.com"]
[Date "2021.04.06"]
[Round "9"]
[White "Skat2704"]
[Black "Bodnar_Mykola"]
[Result "1-0"]
[WhiteElo "2640"]
[BlackElo "2509"]
[TimeControl "180+1"]
[EndTime "11:42:29 PDT"]
[Termination "Skat2704 won by resignation"]

1. d4 Nf6 2. c4 g6 3. Nf3 Bg7 4. Nc3 O-O 5. e4 d6 6. Be2 e5 7.
dxe5 dxe5 8. Qxd8 Rxd8 9. Bg5 Re8 10. O-O h6 11. Be3 Ng4 12. Bd2 c6 13. Rfd1 Be6 14.
h3 Nf6 15. Nxe5 Nxe4 16. Nxe4 Bxe5 17. Bxh6 Bf5 18. Bf3 Na6 19. Nd6 Bxb2 20. Nxe8 Rxe8 21. Re1 Rxe1+ 22. Rxe1 Nc5 23. Re8+ Kh7 24. Be3 Nd7 25. Ra8 a6 26. Ra7 Ne5 27. Rxb7 Nxc4 28. Rxf7+ Kg8 29. Rb7 Nxe3 30. Rxb2 Nd5 1-0

[Event "*** Titled Tuesday Blitz"]
[Site "Chess.com"]
[Date "2021.04.06"]
[Round "9"]
[White "korbul"]
[Black "dmjjmd"]
[Result "0-1"]
[WhiteElo "2541"]
[BlackElo "2288"]
[TimeControl "180+1"]
[EndTime "11:42:34 PDT"]
[Termination "dmjjmd won by resignation"]

1. e4 e5 2. Nf3 Nc6 3. Bc4 Bc5 4. c3 Nf6 5. d3 d6 6. a4 a6 7. Nbd2 Ba7 8. h3 h6 9. Qc2 Be6 10. O-O O-O 11. Re1 Ne7 12. Bxe6 fxe6 13. d4 Ng6 14. dxe5 dxe5 15. Nc4 Nh5 16. Be3 Rxf3 17. gxf3 Nhf4 18. Bxf4 Nxf4 19. Nxe5 Qh4 20. Ng6 Qg5+ 0-1

[Event "*** Titled Tuesday Blitz"]
[Site "Chess.com"]
[Date "2021.04.06"]
[Round "9"]
[White "Maddie"]
[Black "VladimirBugayev"]
[Result "0-1"]
[WhiteElo "2064"]
[BlackElo "2248"]
[TimeControl "180+1"]
[EndTime "11:42:42 PDT"]
[Termination "VladimirBugayev won by resignation"]

1. d4 Nf6 2. e3 g6 3. Bd3 Bg7 4.
f4 d5 5. Nf3 Bg4 6. O-O e6 7.
Nbd2 O-O 8. c3 Nbd7 9. Qe1 Bxf3 10. Nxf3 Ne4 11. Ne5 f6 12. Nf3 c5 13. a3 e5 14.
fxe5 fxe5 15. Rb1 exd4 16. exd4 Re8 17. dxc5 Ndxc5 18. Bxe4 dxe4 19. Ng5 e3 20. Nf3 Qd3 21. Ra1 Nb3 22. Ra2 e2 23. Rf2 Nxc1 24. Qxc1 Qd1+ 0-1

[Event "*** Titled Tuesday Blitz"]
[Site "Chess.com"]
[Date "2021.04.06"]
[Round "9"]
[White "yobdc"]
[Black "Shahaliyev"]
[Result "1-0"]
[WhiteElo "2529"]
[BlackElo "2634"]
[TimeControl "180+1"]
[EndTime "11:42:46 PDT"]
[Termination "yobdc won by checkmate"]

1. d4 d6 2. Nf3 Nf6 3. Nbd2 Bf5 4. g3 c6 5. Bg2 Qc8 6. O-O Bh3 7. e4 h5 8. e5 Bxg2 9. Kxg2 Nd5 10. c4 Nb6 11.
exd6 exd6 12. Re1+ Be7 13. Qe2 Qc7 14. c5 Nc8 15. Nc4 Kf8 16. Bf4 Na6 17. Ng5 Qd8 18. Nxf7 Kxf7 19. Qe6+ Kf8 20. cxd6 Bf6 21. d7 Ne7 22.
Nd6 Nc7 23. Qf7# 1-0

[Event "*** Titled Tuesday Blitz"]
[Site "Chess.com"]
[Date "2021.04.06"]
[Round "9"]
[White "DenLaz"]
[Black "Borsuk_Konstantin"]
[Result "1-0"]
[WhiteElo "2837"]
[BlackElo "2681"]
[TimeControl "180+1"]
[EndTime "11:42:47 PDT"]
[Termination "DenLaz won by resignation"]

1. d4 Nf6 2. c4 e6 3. Nf3 b6 4. g3 Bb7 5. Bg2 g6 6. O-O Bg7 7. Bf4 O-O 8. Nc3 Ne4 9. Nb5 d6 10.
Ng5 a6 11. Nxe4 axb5 12. cxb5 Nd7 13. Nc3 Bxg2 14. Kxg2 e5 15. dxe5 Nxe5 16. Qd5 Re8 17. Rfd1 Nd7 18. Rd2 Nc5 19. Rad1 Qc8 20. Be3 Ne6 21.
Qc6 Re7 22. Nd5 Rd7 23. b4 Ra3 24. Nxb6 1-0

[Event "*** Titled Tuesday Blitz"]
[Site "Chess.com"]
[Date "2021.04.06"]
[Round "9"]
[White "mikolka1985"]
[Black "rynos0411"]
[Result "1-0"]
[WhiteElo "2653"]
[BlackElo "2446"]
[TimeControl "180+1"]
[EndTime "11:42:50 PDT"]
[Termination "mikolka1985 won by resignation"]

1. d4 Nf6 2. c4 e6 3. Nf3 d5 4. Nc3 Bb4 5. Bg5 h6 6. Bxf6 Qxf6 7. Qa4+ Nc6 8. e3 O-O 9. Be2 a6 10. O-O dxc4 11. Bxc4 Bd7 12. Qc2 g5 13. Ne4 Qg6 14. Bd3 f5 15. Nc5 Bxc5 16. Qxc5 Qf6 17. b4 Rfe8 18.
a4 g4 19. Nd2 Qe7 20. Qxe7 Rxe7 21. Rab1 Rd8 22. Nc4 Kg7 23. b5 axb5 24. axb5 Nb8 25. Ne5 Be8 26. Rfc1 Nd7 27. Rxc7 Nxe5 28. Rxe7+ Kf6 29.
Rxe8 Rxe8 30. dxe5+ Kxe5 31. Kf1 f4 32. exf4+ Kxf4 33.
Rb4+ Kg5 34. Ke2 e5 35. b6 Ra8 36. Be4 Ra2+ 37. Ke1 Ra1+ 38. Rb1 1-0